 Dungeon Crawl Stone Soup version 0.17.0-28-g6e173f8 (webtiles) character file.

610 lucasterio the Digger (level 7, -2/41 HPs)
             Began as a Gargoyle Earth Elementalist on Nov 25, 2015.
             Was an Initiate of Sif Muna.
             Killed by nerve-wracking pain
             ... invoked by an orc priest
              (5 damage)
             ... on level 4 of the Dungeon.
             The game lasted 00:30:47 (4602 turns).

lucasterio the Digger (Gargoyle Earth Elementalist) Turns: 4602, Time: 00:30:48

Health: -2/41      AC:  4    Str: 11    XL:     7   Next: 43%
Magic:  0/12       EV: 12    Int: 18    God:    Sif Muna [......]
Gold:   222        SH:  0    Dex: 10    Spells: 3 memorised, 7 levels left

rFire  . . .     SeeInvis .     l - +0 short sword
rCold  . . .     Clarity  .     (no armour)
rNeg   + . .     SustAt   .     (no shield)
rPois  ∞         Gourm    .     (no helmet)
rElec  +         Spirit   .     (no cloak)
rCorr  +         Warding  .     (no gloves)
rMut   .         Stasis   .     (no boots)
MR     .....                    k - amulet of resist corrosion
Stlth  ++........               (no ring)
                                (no ring)

@: not resistant to hostile enchantments, unstealthy
A: negative energy resistance 1, electricity resistance, unbreathing,
petrification resistance, rot immunity, AC +4
a: Renounce Religion


You were on level 4 of the Dungeon.
You worshipped Sif Muna.
Sif Muna was noncommittal.
You were not hungry.

You visited 1 branch of the dungeon, and saw 4 of its levels.

You collected 222 gold pieces.

Inventory:

Hand Weapons
 l - a +0 short sword (weapon)
Missiles
 b - 76 stones (quivered)
Armour
 a - a +0 robe
 o - a +0 leather armour
Jewellery
 k - an amulet of resist corrosion (around neck)
Wands
 q - a wand of polymorph (0)
 t - a wand of disintegration (11)
Scrolls
 e - 2 scrolls of blinking {unknown}
 f - 2 scrolls of enchant armour {unknown}
 g - 2 scrolls of teleportation {unknown}
 h - 2 scrolls of fog {unknown}
 m - 2 scrolls of random uselessness {unknown}
 p - a scroll of enchant weapon {unknown}
 y - a scroll of identify {unknown}
 z - a scroll of magic mapping {unknown}
 A - a scroll of remove curse {unknown}
Potions
 i - 2 potions of curing {unknown}
 r - a potion of flight {unknown}
 s - 2 potions of degeneration {unknown}
 u - a potion of mutation {unknown}
 x - a potion of might {unknown}
Books
 c - a book of Geomancy

   Spells                             Type                      Level
   a - Sandblast                      Earth                        1
   b - Stoneskin                      Transmutation/Earth          2
   c - Passwall                       Transmutation/Earth          3
   d - Stone Arrow                    Conjuration/Earth            3
   e - Petrify                        Transmutation/Earth          4
   f - Lee's Rapid Deconstruction     Earth                        5
Comestibles
 d - 2 bread rations
 j - 3 beef jerkies
 n - 2 meat rations
 v - 3 fruits


   Skills:
 + Level 3.1 Fighting
 - Level 2.1 Armour
 + Level 2.5 Dodging
 - Level 2.1 Stealth
 * Level 3.6 Spellcasting
 * Level 2.5 Conjurations
 - Level 0.7 Transmutations
 + Level 6.4 Earth Magic


You had 7 spell levels left.
You knew the following spells:

 Your Spells              Type           Power        Failure   Level  Hunger
a - Sandblast             Erth           ####..       1%          1    None
b - Stoneskin             Trmt/Erth      ###.....     6%          2    ##.....
c - Stone Arrow           Conj/Erth      ###...       10%         3    ###....


Dungeon Overview and Level Annotations

Branches:
Dungeon (4/15)             Temple (0/1) D:4

Altars:
Gozag
Ru
Sif Muna
Trog
Yredelemnul


Innate Abilities, Weirdness & Mutations

You are resistant to torment.
Your stone body is resilient (AC +4).
You are immune to poison.
You resist negative energy.
You are resistant to electric shocks.
You can survive without breathing.
You are immune to petrification.
You are immune to rotting.


Message History

Confirm with . or Enter, or press ? or * to list all spells.
You don't have enough magic to cast that spell.
Okay, then.
Casting: Stone Arrow
Confirm with . or Enter, or press ? or * to list all spells.
Aiming: Sandblast
Press: ? - help, Shift-Dir - straight line, f/p - orc priest
Aim: an orc priest, wielding a short sword and wearing a leather armour (almost dead)
The blast of sand hits the adder.
You kill the adder!
You are too injured to fight recklessly!
You are too injured to fight recklessly!
You barely miss the orc priest.
The orc priest is almost dead.
The orc priest hits you but does no damage.
You barely miss the orc priest.
The orc priest is almost dead.
The orc priest invokes the aid of Beogh against you.
Pain shoots through your body!
You die...

... #o##
#..# ##[#
#.# ##o# #
##..# ####
####oo.##
...+
+..@....####
####
####.......#
# #........#
#........#
#........#
#........#
#........#
#..<.....#
#####.####


You could see an orc priest, an orc wizard and an orc.

Vanquished Creatures
  Grinder (D:3)
  An ogre (D:4)
  2 orc priests (D:3)
  A hound (D:4)
  A worker ant (D:4)
  5 gnolls
  8 adders
  3 oozes
  3 worms
  6 orcs
  8 bats
  3 giant cockroaches
  7 hobgoblins
  2 jackals (D:2)
  A quokka (D:3)
  3 giant geckos (D:2)
  8 giant newts
  10 goblins
  7 kobolds
  9 rats
89 creatures vanquished.

Notes
Turn   | Place    | Note
--------------------------------------------------------------
     0 | D:1      | lucasterio the Gargoyle Earth Elementalist began the quest for the Orb.
     0 | D:1      | Reached XP level 1. HP: 10/10 MP: 3/3
    58 | D:1      | Reached skill level 4 in Earth Magic
    58 | D:1      | Reached XP level 2. HP: 13/16 MP: 3/5
   227 | D:1      | Reached skill level 1 in Fighting
   307 | D:1      | Reached XP level 3. HP: 20/20 MP: 2/6
   614 | D:1      | Learned a level 2 spell: Stoneskin
   618 | D:1      | Learned a level 3 spell: Stone Arrow
  1577 | D:2      | Reached XP level 4. HP: 22/25 MP: 2/7
  2064 | D:2      | Reached skill level 1 in Armour
  2530 | D:3      | Reached skill level 5 in Earth Magic
  2530 | D:3      | Reached XP level 5. HP: 29/29 MP: 3/8
  2684 | D:3      | Noticed Grinder
  2732 | D:3      | Paralysed by Grinder for 4 turns
  2749 | D:3      | Paralysed by Grinder for 4 turns
  3050 | D:3      | Found a bloodstained altar of Trog.
  3051 | D:3      | Found a sacrificial altar of Ru.
  3051 | D:3      | Found a basalt altar of Yredelemnul.
  3054 | D:3      | Found a deep blue altar of Sif Muna.
  3070 | D:3      | Became a worshipper of Sif Muna the Loreminder
  3292 | D:3      | Found an opulent altar of Gozag.
  3345 | D:3      | Paralysed by Grinder for 3 turns
  3360 | D:3      | Paralysed by Grinder for 4 turns
  3443 | D:3      | Killed Grinder
  3443 | D:3      | Reached skill level 1 in Conjurations
  3443 | D:3      | Reached skill level 6 in Earth Magic
  3443 | D:3      | Reached XP level 6. HP: 30/36 MP: 0/11
  3819 | D:3      | Reached XP level 7. HP: 40/40 MP: 8/12
  4237 | D:4      | Found a staircase to the Ecumenical Temple.
  4596 | D:4      | HP: 2/41 [orc priest/divine providence (15)]
  4602 | D:4      | Killed from afar by an orc priest

Action                   |  1- 3 |  4- 6 |  7- 9 || total
-------------------------+-------+-------+-------++-------
Melee: Unarmed           |    95 |       |       ||    95
       Short sword       |    17 |    42 |    13 ||    72
 Cast: Sandblast         |    52 |    33 |    14 ||    99
       Stoneskin         |     3 |       |       ||     3
       Stone Arrow       |       |    21 |    22 ||    43
 Stab: Sleeping          |     1 |     2 |       ||     3
  Eat: Chunk             |     3 |     8 |     4 ||    15
       Royal jelly       |       |     1 |       ||     1
